AoeStats
← Law the Furious

Fortress

509643042Analyzed
4v4 RM · 5d ago on Sep 27, 2026· 38m 9s· 8 players
Game mode
Random Map
Map size
Huge
Population
200
Speed
Normal
Resources
Standard
Victory
Conquest
Starting age
Dark Age
Ending age
Imperial Age
RankedLock teamsTeams togetherTeam positionsShared explorationLock speedFull tech treeHidden civsTurbo modeCheats
Victory
Defeat
🇦🇷 Saracens · Argentina
1631
+13
🇹🇼 Danes · Taiwan
1573
+16
🇹🇼 Persians · Taiwan
1554
+17
🇬🇧 Japanese · United Kingdom
1547
+17
🇭🇰 Bohemians · Hong Kong SAR China
1703
-20
🇲🇴 Britons · Macao SAR China
1650
-19
🇭🇰 Italians · Hong Kong SAR China
1619
-18
🇭🇰 Teutons · Hong Kong SAR China
1305
-6
_luN
7:33 Feudal Age
11:11 Castle Age
9:00 Double-Bit Axe
8:58 Horse Collar
16:13 Imperial Age
15:00 Fletching
17:54 Chemistry
18:28 Bodkin Arrow
20:05 Padded Archer Armor
20:39 Loom
33:22 Leather Archer Armor
Sakmelo
7:08 Feudal Age
8:47 Double-Bit Axe
11:21 Castle Age
9:11 Horse Collar
13:30 Bow Saw
14:47 Heavy Plow
18:59 Wheelbarrow
23:30 Imperial Age
21:58 Hand Cart
23:03 Chemistry
22:15 Loom
22:46 Padded Archer Armor
25:04 Wagenburg Tactics
26:14 Houfnice
27:04 Siege Engineers
30:29 Scale Mail Armor
30:39 Forging
34:23 Pikeman
35:04 Squires
36:28 Chain Mail Armor
36:48 Iron Casting
35:41 Halberdier
38:33 Plate Mail Armor
iGo2SchoolByBus
7:43 Feudal Age
8:27 Double-Bit Axe
8:23 Horse Collar
8:58 Loom
12:17 Castle Age
13:14 Bow Saw
13:43 Wheelbarrow
14:47 Gold Mining
22:59 Imperial Age
21:14 Fletching
22:16 Bodkin Arrow
23:42 Gold Shaft Mining
23:09 Padded Archer Armor
24:18 Stone Mining
25:03 Ballistics
25:51 Bracer
26:49 Leather Archer Armor
29:23 Elite Longbowman
30:33 Masonry
32:03 Conscription
33:06 Chemistry
33:48 Scale Mail Armor
33:59 Forging
37:26 Hand Cart
Law the Furious
7:41 Feudal Age
11:49 Castle Age
9:56 Double-Bit Axe
10:07 Horse Collar
12:42 Bow Saw
14:39 Heavy Plow
17:10 Wheelbarrow
18:10 Gold Mining
24:31 Imperial Age
21:48 Town Watch
22:20 Squires
22:46 Scale Mail Armor
22:57 Forging
23:51 Chain Mail Armor
22:58 Pikeman
23:24 Arson
25:07 Iron Casting
24:18 Loom
24:49 Hand Cart
25:16 Halberdier
26:42 Plate Mail Armor
28:16 Blast Furnace
35:05 Conscription
咖啡冷靜啲
7:41 Feudal Age
9:13 Horse Collar
11:52 Castle Age
10:04 Double-Bit Axe
12:56 Bow Saw
13:21 Heavy Plow
13:39 Loom
14:39 Loom
16:42 Wheelbarrow
18:13 Hand Cart
19:06 Gold Mining
20:33 Loom
23:57 Imperial Age
22:09 Bloodlines
22:20 Husbandry
23:44 Gold Shaft Mining
23:27 Forging
24:18 Scale Barding Armor
23:35 Cavalier
24:48 Conscription
25:44 Chain Barding Armor
25:45 Savar
27:41 Plate Barding Armor
28:08 Iron Casting
30:48 Light Cavalry
32:40 Hussar
34:40 Town Watch
35:22 Caravan
37:07 Blast Furnace
36:56 Town Patrol
康寶羊
6:48 Feudal Age
10:53 Castle Age
9:13 Double-Bit Axe
9:25 Horse Collar
12:39 Bow Saw
12:36 Heavy Plow
16:13 Wheelbarrow
17:32 Loom
19:21 Stone Mining
20:33 Fletching
21:18 Gold Mining
25:05 Imperial Age
22:53 Bodkin Arrow
22:57 Elite Skirmisher
24:29 Ballistics
24:58 Padded Archer Armor
25:57 Leather Archer Armor
25:47 Bracer
26:48 Chemistry
26:35 Hand Cart
27:12 Ring Archer Armor
27:33 Husbandry
28:23 Bloodlines
29:28 Conscription
29:13 Scale Barding Armor
29:19 Forging
30:19 Chain Barding Armor
30:59 Elite Mameluke
31:49 Bimaristan
32:20 Plate Barding Armor
33:51 Iron Casting
36:35 Blast Furnace
36:37 Two-Man Saw
37:22 Siege Engineers
Danatis
7:16 Feudal Age
11:35 Castle Age
9:38 Double-Bit Axe
9:34 Horse Collar
13:09 Bow Saw
14:42 Bow Saw
14:56 Heavy Plow
16:37 Loom
19:51 Wheelbarrow
19:03 Town Watch
20:31 Stone Mining
20:32 Gold Mining
21:29 Hand Cart
26:11 Imperial Age
24:00 Gold Mining
24:35 Scale Mail Armor
24:38 Squires
25:31 Gold Shaft Mining
25:11 Gambesons
25:42 Chain Mail Armor
25:38 Forging
26:10 Hamask
26:20 Onager
27:31 Plate Mail Armor
27:55 Conscription
28:16 Iron Casting
28:05 Block Printing
28:29 Theocracy
28:19 Illumination
28:17 Capped Ram
30:52 Blast Furnace
30:54 Illumination
30:12 Hamask
31:27 Siege Engineers
32:04 Northmen's Fury
32:10 Siege Ram
33:04 Padded Archer Armor
34:15 Chemistry
34:11 Leather Archer Armor
34:18 Ballistics
33:49 Fletching
35:34 Bodkin Arrow
35:21 Siege Onager
36:39 Sanctity
37:35 Hoardings
37:37 Redemption
38:10 Fervor
leaftopjo
8:06 Feudal Age
9:16 Double-Bit Axe
12:05 Castle Age
10:00 Horse Collar
12:57 Heavy Plow
13:08 Bow Saw
18:22 Scale Mail Armor
20:46 Squires
21:26 Chain Mail Armor
21:18 Loom
22:43 Arson
24:07 Wheelbarrow
24:26 Gold Mining
26:08 Forging
27:26 Gold Shaft Mining
27:46 Hand Cart
29:04 Town Watch
32:15 Imperial Age
32:59 Iron Casting
32:19 Elite Samurai
33:31 Plate Mail Armor
32:43 Capped Ram
35:04 Blast Furnace
34:14 Pikeman
35:40 Conscription
35:37 Halberdier
37:30 Caravan
Connection lost

Rejoining the realm…

Still unreachable

The connection could not be restored.

Session expired

The server has moved on; the page needs a fresh start.